 Dungeon Crawl Stone Soup version 0.30-a0-373-gd37427bb62 (webtiles) character file.

Game seed: 540091572595172386

5243 mopl the Covert (level 10, -12/44 HPs)
             Began as a Vine Stalker Enchanter on Nov 24, 2022.
             Was a Believer of Kikubaaqudgha.
             Mangled by a manticore (20 damage)
             ... on level 7 of the Dungeon.
             The game lasted 00:14:26 (6392 turns).

mopl the Covert (Vine Stalker Enchanter)            Turns: 6392, Time: 00:14:27

Health: -12/44     AC:  7    Str: 11    XL:     10   Next: 62%
Magic:  0/19       EV: 12    Int: 19    God:    Kikubaaqudgha [**....]
Gold:   568        SH:  0    Dex: 15    Spells: 6/20 levels left

rFire   . . .      SeeInvis +    a - +1 dagger (venom)
rCold   + . .      Faith    .    (no shield)
rNeg    . . .      Spirit   +    b - +0 robe
rPois   .          Reflect  .    s - +0 helmet
rElec   .          Harm     .    (no cloak)
rCorr   .          Rampage  .    w - +2 pair of gloves
Will    +....                    k - +0 pair of boots
Stlth   +++++.....               (no amulet)
HPRegen 1.07/turn                l - ring of see invisible
MPRegen 0.16/turn                m - ring of protection from cold

@: spiked, invisible
A: fangs 3, regeneration 1, magic shield, antimagic bite, no potion heal 2
a: Renounce Religion, Unearth Wretches


You were on level 7 of the Dungeon.
You worshipped Kikubaaqudgha.
Kikubaaqudgha was pleased with you.
You visited 1 branch of the dungeon, and saw 7 of its levels.
You also visited: Sewer.

You collected 568 gold pieces.

Inventory:

Hand Weapons
 a - a +1 dagger of venom (weapon)
 H - a +0 dagger of holy wrath
Missiles
 j - 12 boomerangs
 C - 8 poisoned darts
Armour
 b - a +0 robe (worn)
 k - a +0 pair of boots (worn)
 q - the +0 leather armour of New Discoveries {Will+ Regen+ SInv}
   (You took it off a goblin on level 3 of the Dungeon)

   SInv:      It lets you see invisible.
   Regen:     It increases your rate of health regeneration.
   Will:      It increases your willpower.
 s - a +0 helmet (worn)
 w - a +2 pair of gloves (worn)
Magical Staves
 D - a staff of poison
Jewellery
 l - a ring of see invisible (left hand)
 m - a ring of protection from cold (right hand)
 v - a ring of positive energy
Wands
 p - a wand of charming (10)
 y - a wand of polymorph (5)
 G - a wand of roots (6)
Scrolls
 e - 3 scrolls of vulnerability {unknown}
 g - 2 scrolls of teleportation {unknown}
 h - 3 scrolls of enchant armour {unknown}
 i - 2 scrolls of acquirement {unknown}
 o - a scroll of amnesia {unknown}
 r - 5 scrolls of fear {unknown}
 t - 2 scrolls of noise {unknown}
 x - 3 scrolls of fog {unknown}
 z - a scroll of immolation {unknown}
 A - a scroll of poison {unknown}
 B - 4 scrolls of identify
 E - 3 scrolls of blinking
 I - a scroll of summoning {unknown}
 J - a scroll of magic mapping {unknown}
Potions
 c - a potion of invisibility
 d - a potion of berserk rage {!q}
 f - 6 potions of curing
 n - 2 potions of lignification {!q}
 u - 2 potions of brilliance
 F - a potion of might


   Skills:
 + Level 5.1 Short Blades
 - Level 1.5 Dodging
 * Level 10.9 Stealth
 + Level 5.8 Spellcasting
 - Level 3.0 Conjurations
 * Level 8.6 Hexes
 + Level 4.4 Necromancy
 - Level 4.0 Ice Magic
 + Level 0.7 Evocations


You had 6 spell levels left.
You knew the following spells:

 Your Spells              Type           Power      Damage    Failure   Level
a - Dazzling Flash        Conj/Hex       54%        N/A       3%          3
b - Ensorcelled Hibernat  Hex/Ice        58%        N/A       1%          2
c - Confusing Touch       Hex            38%        N/A       1%          3
d - Tukima's Dance        Hex            38%        N/A       1%          3
v - Vampiric Draining     Necr           22%        2d7       5%          3

Your spell library contained the following spells:

 Spells                   Type           Power      Damage    Failure   Level
 Necrotise                Necr           88%        1d8       1%          1
 Freeze                   Ice            80%        1d9       2%          1
 Kiss of Death            Conj/Necr      76%        2d11      2%          1
 Sublimation of Blood     Necr           22%        N/A       2%          2
 Portal Projectile        Hex/Tloc       42%        N/A       6%          3
 Frozen Ramparts          Ice            40%        1d7       7%          3
 Hailstorm                Conj/Ice       18%        3d6       9%          3
 Cigotuvi's Dreadful Rot  Necr/Pois/Air  22%        N/A       10%         2
 Poisonous Vapours        Pois/Air       10%        N/A       17%         2
 Wereblood                Tmut           5%         N/A       17%         2
 Mephitic Cloud           Conj/Pois/Air  9%         N/A       22%         3
 Blade Hands              Tmut           2%         N/A       97%         5
 Summon Hydra             Summ           2%         N/A       100%        7


Dungeon Overview and Level Annotations

Branches:
Dungeon (7/15)              Sewer (visited)
 Temple: D:4-7

Altars:
Elyvilon
Fedhas
Kikubaaqudgha
Nemelex Xobeh
Ru
Uskayaw
Xom
Zin

Shops:
D:6 :


Innate Abilities, Weirdness & Mutations

You have razor-sharp teeth.
Your natural rate of healing is unusually fast.
When hurt, damage is shared between your health and your magic reserves.
Your bite disrupts and absorbs the magic of your enemies.
Potions cannot restore your health.


Message History

You start resting.
HP restored.
You start resting.
Magic restored.
You open the door.
There is an open door, spattered with blood here.
Items here: ))) †.
The manticore resists with some effort.
The manticore flicks its tail.
The volley of spikes misses you.
The manticore resists with some effort.
The manticore flicks its tail.
The volley of spikes hits you!
The barbed spikes become lodged in your body.
The manticore resists with some effort.
The manticore resists with some effort.
The manticore flicks its tail.
The volley of spikes hits you.
The barbed spikes become lodged in your body.
The manticore resists with some effort.
Casting: Ensorcelled Hibernation (safe; 1% risk of failure)
Confirm with . or Enter, or press ? or * to list all spells.
Aiming: Ensorcelled Hibernation (safe; 1% risk of failure)
Press: ? - help, Shift-Dir - straight line, f/p - manticore
Aim: a manticore (lightly wounded, chance to affect: 41%)
The manticore resists with some effort.
The manticore bites you! The manticore claws you.
The manticore claws you but does no damage.
Unknown command.
You closely miss the manticore.
The manticore is lightly wounded.
The manticore bites you.
* * * LOW HITPOINT WARNING * * *
The manticore claws you.
* * * LOW HITPOINT WARNING * * *
The manticore closely misses you.
You fade into invisibility!
The manticore bites you!!
You die...
Kikubaaqudgha rasps: "You have failed me!
Welcome... death!"

#.##..#######..#........##
#.#..##.#.#.##.........##.
#...##..#.#..##.......####
#..##...#.#...##########.#
#..#....#.#....#(#.#[#.##.
#..#####...#####.#.#.#..##
#..#.....#...).'.#)#.'..H)
#..#####H..#####.#.#.#..##
##..#....#@#....#..H..#.##.
#...##...#.#...##########.#
#.#..##..#.#..## ###
#.#...##.#)#.## #.
#.#.#..###'### ##
#.#.##.#.).).# #.
#.#....#..#..# #.
#.#.##.#.....## ##.
#.#.##.#..#..#.# #o#.


You could see a manticore (unable to see you).

Vanquished Creatures
  A two-headed ogre (D:7)
  Pikel (D:4)
  A troll (D:7)
  An acid dragon (D:7)
  3 water moccasins
  An orc warrior (D:7)
  An ice beast (D:6)
  2 sky beasts
  5 ogres
  A black bear (D:7)
  A lemure (D:3)
  2 centaurs
  A phantom (D:5)
  A kobold brigand (D:7)
  9 bullfrogs
  6 necrophages
  3 scorpions
  A wight (D:4)
  A howler monkey (D:7)
  5 jellies
  5 hounds
  5 orc priests
  A human zombie (D:4)
  A gnoll bouda (D:7)
  3 iguanas
  Ijyb (D:3)
  4 orc wizards
  2 hound zombies (D:4)
  3 mummies (D:4)
  Robin (D:3)
  2 gnolls (D:7)
  5 adders
  3 shadow imps
  A white imp (D:7)
  An ufetubus (D:7)
  2 adder zombies (D:4)
  2 worms
  2 dart slugs
  20 orcs
  13 ball pythons
  8 bats
  10 endoplasms
  10 giant cockroaches
  22 goblins
  13 hobgoblins
  9 quokkas
  9 frilled lizards
  12 kobolds
  7 rats
224 creatures vanquished.

Vanquished Creatures (collateral kills)
  2 wights (D:7)
  A hound (D:4)
3 creatures vanquished.

Vanquished Creatures (others)
  A dancing weapon (D:4)
  An orc wizard (D:7)
2 creatures vanquished.

Grand Total: 229 creatures vanquished

Notes
Turn   | Place    | Note
-------+----------+-------------------------------------------
     0 | D:1      | mopl the Vine Stalker Enchanter began the quest for the
                  | Orb.
     0 | D:1      | Reached XP level 1. HP: 9/9 MP: 4/4
    19 | D:1      | Reached skill level 1 in Short Blades
   109 | D:1      | Reached XP level 2. HP: 6/13 MP: 1/6
   115 | D:1      | Learned a level 2 spell: Ensorcelled Hibernation
   129 | D:1      | Reached skill level 4 in Stealth
   234 | D:1      | Reached XP level 3. HP: 8/16 MP: 3/7
   608 | D:1      | Found a faded altar of an unknown god.
   608 | D:1      | Noticed a tormentor
   918 | D:2      | Learned a level 3 spell: Confusing Touch
  1013 | D:2      | Gained mutation: Your natural rate of healing is unusually
                  | fast. [Vine Stalker growth]
  1013 | D:2      | Reached XP level 4. HP: 21/21 MP: 8/8
  1647 | D:3      | Noticed Ijyb
  1660 | D:3      | Killed Ijyb
  1740 | D:3      | Reached skill level 4 in Hexes
  1744 | D:3      | Reached skill level 5 in Stealth
  1744 | D:3      | Reached skill level 1 in Ice Magic
  1744 | D:3      | Reached XP level 5. HP: 21/24 MP: 6/10
  1765 | D:3      | Learned a level 3 spell: Tukima's Dance
  1768 | D:3      | Identified the +0 leather armour of New Discoveries {Will+
                  | Regen+ SInv}
  1793 | D:3      | Noticed Robin
  1957 | D:3      | Killed Robin
  2111 | D:3      | Found a blossoming altar of Fedhas.
  2485 | D:4      | Noticed an ogre
  2676 | D:4      | Found a shimmering altar of Xom.
  2824 | D:3      | Reached skill level 2 in Short Blades
  2909 | D:4      | Reached XP level 6. HP: 28/28 MP: 11/11
  2925 | D:4      | Reached skill level 3 in Spellcasting
  2930 | D:4      | Found a white marble altar of Elyvilon.
  2944 | D:4      | Noticed Pikel
  3094 | D:4      | Reached skill level 6 in Stealth
  3098 | D:4      | Reached skill level 2 in Ice Magic
  3177 | D:4      | Reached skill level 5 in Hexes
  3177 | D:4      | Reached XP level 7. HP: 29/32 MP: 11/13
  3185 | D:4      | Learned a level 3 spell: Dazzling Flash
  3233 | D:4      | Found an ancient bone altar of Kikubaaqudgha.
  3241 | D:4      | Became a worshipper of Kikubaaqudgha
  3465 | D:4      | Killed Pikel
  3466 | D:4      | Reached skill level 3 in Short Blades
  3466 | D:4      | Reached skill level 7 in Stealth
  3466 | D:4      | Reached skill level 4 in Spellcasting
  3466 | D:4      | Reached skill level 1 in Conjurations
  3466 | D:4      | Reached skill level 6 in Hexes
  3466 | D:4      | Reached skill level 1 in Necromancy
  3466 | D:4      | Reached skill level 3 in Ice Magic
  3466 | D:4      | Gained mutation: You have razor-sharp teeth. [Vine Stalker
                  | growth]
  3466 | D:4      | Reached XP level 8. HP: 26/36 MP: 11/15
  3482 | D:5      | Entered Level 5 of the Dungeon
  3603 | D:5      | Found a hide-covered altar of Uskayaw.
  3603 | D:5      | Found a sacrificial altar of Ru.
  3636 | D:5      | Reached skill level 2 in Conjurations
  3734 | D:5      | Reached skill level 8 in Stealth
  3838 | D:5      | Reached skill level 2 in Necromancy
  3850 | D:5      | Reached XP level 9. HP: 36/39 MP: 12/16
  4636 | D:6      | Found Nonovitz's Tremendous Tomes.
  4698 | D:6      | Found a glowing drain.
  4709 | Sewer    | Entered a sewer
  4720 | Sewer    | Reached * piety under Kikubaaqudgha
  4720 | Sewer    | Received a gift from Kikubaaqudgha
  4823 | Sewer    | Learned a level 3 spell: Vampiric Draining
  4994 | D:6      | Found a sparkling altar of Nemelex Xobeh.
  5073 | D:6      | Reached skill level 4 in Short Blades
  5073 | D:6      | Reached skill level 7 in Hexes
  5076 | D:6      | Reached skill level 3 in Conjurations
  5087 | D:6      | Reached skill level 9 in Stealth
  5163 | D:6      | Reached skill level 3 in Necromancy
  5163 | D:6      | Reached skill level 4 in Ice Magic
  5390 | D:7      | Reached skill level 5 in Spellcasting
  5684 | D:7      | Found a glowing silver altar of Zin.
  5731 | D:7      | Reached XP level 10. HP: 44/44 MP: 13/18
  5785 | D:7      | Reached skill level 10 in Stealth
  5793 | D:7      | Reached ** piety under Kikubaaqudgha
  5819 | D:7      | Reached skill level 8 in Hexes
  6119 | D:7      | Reached skill level 4 in Necromancy
  6237 | D:7      | Noticed a manticore
  6237 | D:7      | Noticed a two-headed ogre
  6290 | D:7      | Killed a two-headed ogre
  6291 | D:7      | Reached skill level 5 in Short Blades
  6392 | D:7      | Mangled by a manticore

Illustrated notes

Levels and vault maps discovered:
D:1:      minmay_arrival_diagonal_passages, layout_rooms,
          dreamdust_ecumenical_altar_sealed_demon, minivault_14
D:2:      layout_loops_cross, serial_glass, glass_columns_a, glass_columns_a
D:3:      minmay_chambers_of_twos, layout_basic, fedhas_altar_fruit_tree,
          serial_glass, glass_columns_c, glass_columns_b, glass_columns_c,
          glass_columns_a, glass_columns_b, uniq_robin, uniq_ijyb
D:4:      layout_gridville, nicolae_overflow_hidden_temple,
          lemuel_mausoleum_altar_kikubaaqudgha, elyvilon_altar_5,
          minmay_tree_intersection, uniq_pikel
D:5:      layout_basic, gammafunk_temple_overflow_wave, minmay_strange_pillars,
          minivault_27
D:6:      layout_rooms, nemelex_diamond_rough_becter,
          cheibrodos_sewer_entry_bend, nicolae_shop_i_like_big_books
D:7:      minmay_the_grid_octo_tiled_octocenter [minmay_the_grid_octo_odd_swirl,
          minmay_the_grid_octo_clover, minmay_the_grid_octo_clover_2,
          minmay_the_grid_octo_checkered, minmay_the_grid_octo_prize_star,
          minmay_the_grid_square_5x5_two_walls_b,
          minmay_the_grid_square_5x5_three, minmay_the_grid_square_5x5_meh,
          minmay_the_grid_square_5x5_three_small], layout_cave_pools,
          lemuel_round_altar, minmay_temple_entry_junction, st_stairs_10,
          grunt_ministairs_2, kb_lookout_dungeons_type

Skill      XL: |  1  2  3  4  5  6  7  8  9 10 |
---------------+-------------------------------+-----
Short Blades   | 1 2 3 4 5 |  5.1
Stealth        | 4 5 6 7 8 9 10 | 10.9
Hexes          | 4 5 6 7 8 |  8.6
Ice Magic      | 1 2 3 4 |  4.0
Spellcasting   | 3 4 5 |  5.8
Conjurations   | 1 2 3 |  3.0
Necromancy     | 1 2 3 4 |  4.4
Dodging        | |  1.5
Evocations     | |  0.7

Action                   |  1- 3 |  4- 6 |  7- 9 | 10-12 || total
-------------------------+-------+-------+-------+-------++-------
Melee: Dagger            |   118 |   211 |   255 |   122 ||   706
       Bite              |    24 |    59 |    76 |    37 ||   196
       Punch             |     3 |     2 |     1 |     3 ||     9
 Cast: Ensorcelled Hiber |     1 |     3 |    29 |    37 ||    70
       Tukima's Dance    |       |     6 |     3 |       ||     9
       Dazzling Flash    |       |       |     1 |       ||     1
Evoke: Wand              |       |       |       |     6 ||     6
  Use: Scroll            |       |     3 |     1 |       ||     4
       Potion            |       |       |       |     1 ||     1
 Stab: Sleeping          |     7 |    14 |    36 |    14 ||    71
       Distracted        |       |     2 |     1 |       ||     3
       Invisible         |       |       |     1 |       ||     1
Armor: Robe              |    15 |    58 |    81 |    37 ||   191
Dodge: Dodged            |    60 |   141 |   120 |    84 ||   405

Table legend: (Time is in decaauts)
 A = Elapsed time spent in this place.
 B = Non-inter-level travel time spent in this place.
 C = Inter-level travel time spent in this place.
 D = Time resting spent in this place.
 E = Time spent auto-exploring this place.
 F = Levels seen in this place.
 G = Mean time per level.
                   A        B        C        D        E       F      G
               +--------+--------+--------+--------+--------+-----+--------+
         Total |   6333 |   5950 |    383 |    528 |   3572 |   8 |  791.6 |
       Dungeon |   6068 |   5685 |    383 |    528 |   3461 |   7 |  866.9 |
         Sewer |    264 |    264 |      0 |      0 |    111 |   1 |  264.0 |
               +--------+--------+--------+--------+--------+-----+--------+

Top non-repeatable levels by time:
     D:3: 1218 daAuts
     D:5: 1049 daAuts
     D:7: 991 daAuts
     D:4: 853 daAuts
     D:1: 703 daAuts
     D:2: 672 daAuts
     D:6: 580 daAuts
   Sewer: 264 daAuts
